 Dungeon Crawl Stone Soup version 0.25.1-8-g42b30a86e7 (webtiles) character file.

Game seed: 17103380351038061644

206 Destapler the Skirmisher (level 5, -3/52 HPs)
             Began as a Hill Orc Monk on Dec 21, 2020.
             Was a Believer of Beogh.
             Slain by an orc priest
             ... wielding a +0 flail
              (13 damage)
             ... on level 3 of the Dungeon.
             The game lasted 00:05:12 (2457 turns).

Destapler the Skirmisher (Hill Orc Monk)            Turns: 2457, Time: 00:05:12

Health: -3/52      AC:  3    Str: 15    XL:     5   Next: 84%
Magic:  5/5        EV: 13    Int: 10    God:    Beogh [**....]
Gold:   183        SH:  0    Dex: 13    Spells: 4/4 levels left

rFire    + . .     SeeInvis .   h - +6 club
rCold    . . .     Gourm    .   (no shield)
rNeg     . . .     Faith    .   b - +0 robe
rPois    .         Spirit   .   (no helmet)
rElec    .         Reflect  .   (no cloak)
rCorr    .         Harm     .   (no gloves)
MR       .....                  e - +0 pair of boots
Stlth    ++........             (no amulet)
HPRegen  0.17/turn              (no ring)
MPRegen  0.09/turn              y - ring of protection from fire

@: no status effects
A: no striking features
a: Smiting, Renounce Religion


You were on level 3 of the Dungeon.
You worshipped Beogh.
Beogh was pleased with you.
You were not hungry.

You visited 1 branch of the dungeon, and saw 3 of its levels.

You collected 183 gold pieces.

Inventory:

Hand Weapons
 h - a +6 club (weapon)
Missiles
 d - 4 boomerangs (quivered)
 j - 14 poisoned darts
 k - 5 atropa-tipped darts
Armour
 b - a +0 robe (worn)
 e - a +0 pair of boots (worn)
Jewellery
 y - a ring of protection from fire (right hand)
Scrolls
 a - a scroll of remove curse
 r - 2 scrolls of fear {unknown}
 u - 2 scrolls of teleportation {unknown}
 v - a scroll of immolation {unknown}
 w - a scroll of magic mapping {unknown}
Potions
 i - 2 potions of heal wounds {unknown}
 l - a potion of berserk rage {unknown}
 m - 3 potions of stabbing {unknown}
 n - a potion of resistance {unknown}
 o - a potion of might {unknown}
 q - a potion of degeneration {unknown}
 s - 2 potions of curing {unknown}
 t - a potion of brilliance {unknown}
 z - a potion of haste {unknown}
Comestibles
 c - 3 rations
 A - 2 chunks of flesh


   Skills:
 + Level 7.5 Fighting
   Level 4.1 Axes
 - Level 2.4 Dodging
 - Level 1.6 Stealth


You had 4 spell levels left.
You didn't know any spells.
Your spell library was empty.

Dungeon Overview and Level Annotations

Branches:
Dungeon (3/15)

Altars:
Ashenzari
Cheibriados
Yredelemnul

Annotations:
D:3 3 runed translucent doors, diiiiiane's ghost, amateur DEFE


Message History

Something writhes in agony!
Reactivating autopickup.
The orc priest hits the goblin.
You swap places.
The goblin closely misses you.
You sock the goblin!
You kill the goblin!
Beogh accepts your kill.
The orc priest calls down the wrath of Beogh upon you.
Beogh smites you!
* * * LOW HITPOINT WARNING * * *
You hit the orc priest but do no damage.
The orc priest mumbles some strange prayers to Beogh against you.
Beogh smites you!
* * * LOW HITPOINT WARNING * * *
The orc priest closely misses you.
Items here: )) [ †† a +0 club; a +0 dagger; a +0 robe; a goblin corpse; an orc corpse The orc priest hits you with a +0 flail!
You die...
Beogh appreciates the orc priest's killing of a heretic priest.

#.#.###....# #........#
#...##...########.#..#...#
.......................>##
....##...########.##..#.#
###.##(..# #...# #.# #
#.##...# #o#.# ...
###.##...# #o#### #..#
....##...######)o..# #
###########.....@#.# #
#..(...# # # #.......... #
#../...#.## # ####.###.#
#.. . #... .# #... # ....


You could see an orc priest, a neutral orc priest (wandering) and a neutral orc
wizard (wandering).

Vanquished Creatures
  An ogre (D:2)
  Jessica (D:2)
  Terence (D:2)
  An adder (D:2)
  2 dart slugs (D:1)
  2 leopard geckos (D:1)
  An orc (D:3)
  3 giant cockroaches (D:1)
  5 goblins
  6 hobgoblins
  4 jackals (D:1)
  10 kobolds
  3 quokkas
  5 bats (D:1)
  2 frilled lizards
  2 rats (D:2)
49 creatures vanquished.

Vanquished Creatures (others)
  An orc wizard (D:3)
1 creature vanquished.

Grand Total: 50 creatures vanquished

Notes
Turn   | Place    | Note
-------+----------+-------------------------------------------
     0 | D:1      | Destapler the Hill Orc Monk began the quest for the Orb.
     0 | D:1      | Reached XP level 1. HP: 19/19 MP: 1/1
    50 | D:1      | Reached skill level 4 in Fighting
    51 | D:1      | Reached XP level 2. HP: 6/27 MP: 2/2
   388 | D:1      | Found a snail-covered altar of Cheibriados.
   580 | D:1      | Reached XP level 3. HP: 34/34 MP: 3/3
   690 | D:1      | Reached skill level 5 in Fighting
  1077 | D:2      | Noticed Jessica
  1088 | D:2      | Killed Jessica
  1088 | D:2      | Reached XP level 4. HP: 35/44 MP: 4/4
  1217 | D:2      | Found a shattered altar of Ashenzari.
  1383 | D:2      | Reached skill level 6 in Fighting
  1507 | D:2      | Noticed an ogre
  1521 | D:2      | Killed an ogre
  1521 | D:2      | Reached skill level 7 in Fighting
  1521 | D:2      | Reached XP level 5. HP: 34/52 MP: 5/5
  1770 | D:2      | Noticed Terence
  1784 | D:2      | Killed Terence
  2212 | D:3      | Found a basalt altar of Yredelemnul.
  2293 | D:3      | Found a runed translucent gate.
  2293 | D:3      | Found a runed translucent gate.
  2293 | D:3      | Found a runed translucent gate.
  2294 | D:3      | Noticed diiiiiane's ghost (amateur DEFE)
  2450 | D:3      | Became a worshipper of Beogh the Brigand
  2450 | D:3      | Reached * piety under Beogh
  2450 | D:3      | Reached ** piety under Beogh
  2457 | D:3      | Slain by an orc priest

Illustrated notes

Levels and vault maps discovered:
D:1:      scummos_arrival_simple_fountains, layout_loops_ring,
          chequers_serial_rivers_micro_c, minmay_misc_feat_plants,
          cheibriados_altar_1
D:2:      layout_basic, ashenzari_altar_1, first_ration, uniq_jessica,
          uniq_terence
D:3:      layout_basic, gammafunk_ghost_split, yredelemnul_altar_generic

Skill      XL: |  1  2  3  4 |
---------------+-------------+-----
Fighting       | 4 5 7 |  7.5
Axes           | |  4.1
Dodging        | |  2.4
Stealth        | |  1.6

Action                   |  1- 3 |  4- 6 || total
-------------------------+-------+-------++-------
Melee: Hand axe          |    72 |       ||    72
       Dagger            |    10 |       ||    10
       Club              |       |    73 ||    73
Throw: Boomerang         |       |     1 ||     1
Invok: Convert to Beogh  |       |     1 ||     1
  Use: Scroll            |     1 |     2 ||     3
       Potion            |       |     1 ||     1
 Stab: Sleeping          |     4 |     1 ||     5
  Eat: Chunk             |       |     5 ||     5
Armor: Robe              |    23 |     7 ||    30
       Skin              |       |     3 ||     3
Dodge: Dodged            |    71 |    44 ||   115
